| TOP OF THE 1ST |
|
Stanford University Cardinal batting - Pitching for University of Arizona Wildcats : RHP Chris Galloway
|
|
Pitching: RHP Chris Galloway
|
|
|
Batting: LHB Terry Bayer
|
0-0: SINGLE (Flyball, 8RS, EV 89.4 MPH)
|
|
Batting: RHB Marco Morales
|
0-0: Foul Ball, location: 2F 0-1: Called Strike 0-2: SINGLE (Groundball, 34S, EV 95.0 MPH) (infield hit) Terry Bayer to second
|
|
Batting: RHB Guillermo Puente
|
0-0: Ball Terry Bayer steals 3rd base Marco Morales to second 1-0: Foul Ball, location: 2F 1-1: Ball 2-1: Foul Ball, location: 2F 2-2: Ball 3-2: Foul Ball, location: 2F 3-2: Foul Ball, location: 2F 3-2: SINGLE (Groundball, 4MD, EV 102.5 MPH) Terry Bayer scores Marco Morales to third
|
|
Batting: RHB Gong-sun Law
|
0-0: Called Strike 0-1: Ball 1-1: Ball 2-1: Ground out 6-3 (Groundball, 6S, EV 66.9 MPH) Marco Morales scores Guillermo Puente to second
|
|
Batting: RHB Troy Bush
|
0-0: Ball 1-0: Ball 2-0: Fly out, F9 (Flyball, 9LMF, EV 89.4 MPH) Runner from 2nd tags up, SAFE at 3rd with throw by RF
|
|
Batting: LHB Chien Sam
|
0-0: Called Strike 0-1: Called Strike 0-2: Ball 1-2: Ball 2-2: Foul Ball, location: 2F 2-2: Foul Ball, location: 2F 2-2: Foul Ball, location: 2F 2-2: Strikes out looking
|
| Top of the 1st over - 2 runs, 3 hits, 0 errors, 1 left on base; Stanford University 2 - University of Arizona 0 |
| BOTTOM OF THE 1ST |
|
University of Arizona Wildcats batting - Pitching for Stanford University Cardinal : RHP Juvas Tanuja
|
|
Pitching: RHP Juvas Tanuja
|
|
|
Batting: RHB Alejandro de Jesus
|
0-0: Foul Ball, location: 2F 0-1: Ball 1-1: Ground out 1-3 (Groundball, 34S, EV 67.5 MPH)
|
|
Batting: RHB Ron Dondale
|
0-0: Ball 1-0: Ball 2-0: Foul Ball, location: 2F 2-1: Foul Ball, location: 2F 2-2: Fly out, F8 (Flyball, 8LXD, EV 93.8 MPH)
|
|
Batting: RHB C.J. Wells
|
0-0: Called Strike 0-1: Ball 1-1: DOUBLE (Line Drive, 7LM, EV 105.6 MPH)
|
|
Batting: RHB Scott Anderson
|
0-0: Foul Ball, location: 2F 0-1: Ball 1-1: SINGLE (Line Drive, 89S, EV 108.1 MPH) C.J. Wells to third
|
|
Batting: LHB Pascal Noël
|
0-0: Ball 1-0: SINGLE (Groundball, 34D, EV 106.9 MPH) C.J. Wells scores Scott Anderson to second Runner from 2nd tries for 3rd, SAFE, throw by RF made to third
|
|
Batting: LHB Andrew Davis
|
0-0: Ball 1-0: Called Strike 1-1: Foul Ball, location: 2F 1-2: Ball 2-2: Strikes out swinging
|
| Bottom of the 1st over - 1 run, 3 hits, 0 errors, 2 left on base; Stanford University 2 - University of Arizona 1 |
| TOP OF THE 2ND |
|
Stanford University Cardinal batting - Pitching for University of Arizona Wildcats : RHP Chris Galloway
|
|
Batting: RHB Joe Gabriel
|
0-0: Called Strike 0-1: Swinging Strike 0-2: Strikes out swinging
|
|
Batting: RHB Jose Garduno
|
0-0: Foul Ball, location: 2F 0-1: Ball 1-1: Ball 2-1: Swinging Strike 2-2: Ball 3-2: Foul Ball, location: 2F 3-2: Foul Ball, location: 2F 3-2: Foul Ball, location: 2F 3-2: Base on Balls
|
|
Batting: RHB Lião Weishampt
|
0-0: Ball 1-0: Swinging Strike 1-1: Ball 2-1: Foul Ball, location: 2F 2-2: Strikes out looking
|
|
Batting: LHB Terry Bayer
|
0-0: Ball 1-0: Ball 2-0: Foul Ball, location: 2F 2-1: Foul Ball, location: 2F 2-2: Ball 3-2: Foul Ball, location: 2F 3-2: Base on Balls Jose Garduno to second
|
|
Batting: RHB Marco Morales
|
0-0: Called Strike 0-1: Swinging Strike 0-2: SINGLE (Groundball, 34S, EV 70.6 MPH) (infield hit) Jose Garduno to third Terry Bayer to second
|
|
Batting: RHB Guillermo Puente
|
0-0: Called Strike 0-1: Ground out 5-3 (Groundball, 56S, EV 68.8 MPH)
|
| Top of the 2nd over - 0 runs, 1 hit, 0 errors, 3 left on base; Stanford University 2 - University of Arizona 1 |
| BOTTOM OF THE 2ND |
|
University of Arizona Wildcats batting - Pitching for Stanford University Cardinal : RHP Juvas Tanuja
|
|
Batting: RHB Eddy Amaya
|
0-0: Ball 1-0: Swinging Strike 1-1: Ball 2-1: Ground out 3-1 (Groundball, 34, EV 78.1 MPH)
|
|
Batting: SHB George Grace
|
0-0: Fly out, F8 (Line Drive, 8LM, EV 92.5 MPH)
|
|
Batting: RHB Josh Carpenter
|
0-0: Called Strike 0-1: Ball 1-1: SINGLE (Line Drive, 7S, EV 108.8 MPH)
|
|
Batting: RHB Alejandro de Jesus
|
0-0: SINGLE (Groundball, 6D, EV 101.9 MPH) Josh Carpenter to second
|
|
Batting: RHB Ron Dondale
|
0-0: Ball 1-0: Ball 2-0: Called Strike 2-1: Ball 3-1: Called Strike 3-2: Base on Balls Josh Carpenter to third Alejandro de Jesus to second
|
|
Batting: RHB C.J. Wells
|
0-0: Ball 1-0: Fly out, F8 (Flyball, 8LM, EV 78.1 MPH)
|
| Bottom of the 2nd over - 0 runs, 2 hits, 0 errors, 3 left on base; Stanford University 2 - University of Arizona 1 |
| TOP OF THE 3RD |
|
Stanford University Cardinal batting - Pitching for University of Arizona Wildcats : RHP Chris Galloway
|
|
Batting: RHB Gong-sun Law
|
0-0: Called Strike 0-1: SINGLE (Groundball, 56D, EV 111.9 MPH)
|
|
Batting: RHB Troy Bush
|
0-0: Fielders Choice at 2nd, 6-4 (Groundball, 56, EV 78.8 MPH)
|
|
Batting: LHB Chien Sam
|
0-0: Foul Ball, location: 2F 0-1: SINGLE (Groundball, 34S, EV 90.6 MPH) (infield hit) Troy Bush to second
|
|
Batting: RHB Joe Gabriel
|
0-0: Ball 1-0: Ball 2-0: Fly out, F8 (Flyball, 78M, EV 86.2 MPH)
|
|
Batting: RHB Jose Garduno
|
0-0: Ball 1-0: Called Strike 1-1: Ball 2-1: Ball 3-1: Foul Ball, location: 2F 3-2: Foul Ball, location: 2F 3-2: Ground out 4-3 (Groundball, 4S, EV 66.2 MPH)
|
| Top of the 3rd over - 0 runs, 2 hits, 0 errors, 2 left on base; Stanford University 2 - University of Arizona 1 |
| BOTTOM OF THE 3RD |
|
University of Arizona Wildcats batting - Pitching for Stanford University Cardinal : RHP Juvas Tanuja
|
|
Batting: RHB Scott Anderson
|
0-0: Ball 1-0: Ball 2-0: Ball 3-0: Base on Balls
|
|
Batting: LHB Pascal Noël
|
0-0: Ball 1-0: Called Strike 1-1: Ball 2-1: Ball 3-1: Foul Ball, location: 2F 3-2: Foul Ball, location: 2F 3-2: Foul Ball, location: 2F 3-2: SINGLE (Line Drive, 8RS, EV 105.0 MPH) Scott Anderson to second
|
|
Batting: LHB Andrew Davis
|
0-0: Ball 1-0: Foul Ball, location: 2F 1-1: Foul Ball, location: 2F 1-2: Foul Ball, location: 2F 1-2: Ball 2-2: Ball 3-2: Foul Ball, location: 2F 3-2: Strikes out swinging
|
|
Batting: RHB Eddy Amaya
|
0-0: Called Strike 0-1: Swinging Strike 0-2: Ball 1-2: Ball 2-2: Foul Ball, location: 2F 2-2: Fly out, F8 (Flyball, 8RM, EV 86.2 MPH)
|
|
Batting: SHB George Grace
|
0-0: Ball 1-0: Fly out, F8 (Flyball, 8RS, EV 93.1 MPH)
|
| Bottom of the 3rd over - 0 runs, 1 hit, 0 errors, 2 left on base; Stanford University 2 - University of Arizona 1 |
| TOP OF THE 4TH |
|
Stanford University Cardinal batting - Pitching for University of Arizona Wildcats : RHP Chris Galloway
|
|
Batting: RHB Lião Weishampt
|
0-0: Called Strike 0-1: SINGLE (Groundball, 34D, EV 102.5 MPH)
|
|
Batting: LHB Terry Bayer
|
0-0: Ball 1-0: Swinging Strike 1-1: Fielders Choice at 2nd, 5-4 (Groundball, 5L, EV 106.9 MPH)
|
|
Pitching: RHP Jimmy Serna
|
|
|
Batting: RHB Marco Morales
|
0-0: Ball 1-0: SINGLE (Groundball, 34, EV 106.2 MPH) Terry Bayer to second Runner from 2nd tries for 3rd, SAFE, no throw by RF
|
|
Batting: RHB Guillermo Puente
|
0-0: Called Strike 0-1: Called Strike Marco Morales steals 2nd base 0-2: Ball 1-2: Ground out 6-3 (Groundball, 6, EV 102.5 MPH) Terry Bayer scores
|
|
Batting: RHB Gong-sun Law
|
0-0: Ball 1-0: Ball 2-0: SINGLE (Groundball, 4MD, EV 102.5 MPH) Marco Morales to third Runner from 3rd tries for Home, SAFE, throw by CF to home Gong-sun Law to second
|
|
Batting: RHB Troy Bush
|
0-0: Ball 1-0: Ball 2-0: Foul Ball, location: 2F 2-1: Ground out 5-3 (Groundball, 5S, EV 85.0 MPH)
|
| Top of the 4th over - 2 runs, 3 hits, 0 errors, 1 left on base; Stanford University 4 - University of Arizona 1 |
| BOTTOM OF THE 4TH |
|
University of Arizona Wildcats batting - Pitching for Stanford University Cardinal : RHP Juvas Tanuja
|
|
Batting: RHB Josh Carpenter
|
0-0: SINGLE (Line Drive, 9S, EV 113.1 MPH)
|
|
Batting: RHB Alejandro de Jesus
|
Pickoff Throw to First - Out! 1-3 0-0: Ball 1-0: Foul Ball, location: 2F 1-1: Called Strike 1-2: Fly out, F8 (Flyball, 89D, EV 100.6 MPH)
|
|
Batting: RHB Ron Dondale
|
0-0: Ball 1-0: Called Strike 1-1: Foul Ball, location: 2F 1-2: Foul Ball, location: 2F 1-2: Ball 2-2: SINGLE (Line Drive, 8LS, EV 92.5 MPH)
|
|
Pitching: RHP Eddie Georges
|
|
|
Batting: RHB C.J. Wells
|
0-0: Ball 1-0: Ball 2-0: Foul Ball, location: 2F 2-1: Called Strike Ron Dondale steals 2nd base 2-2: Strikes out looking
|
| Bottom of the 4th over - 0 runs, 2 hits, 0 errors, 1 left on base; Stanford University 4 - University of Arizona 1 |
| TOP OF THE 5TH |
|
Stanford University Cardinal batting - Pitching for University of Arizona Wildcats : RHP Jimmy Serna
|
|
Batting: LHB Chien Sam
|
0-0: Ball 1-0: Ball 2-0: Foul Ball, location: 2F 2-1: Ball 3-1: Base on Balls
|
|
Batting: RHB Joe Gabriel
|
0-0: Sac Bunt to 13 - play at first, batter OUT! 1-3 Chien Sam to second
|
|
Batting: RHB Jose Garduno
|
0-0: Ball 1-0: Called Strike 1-1: Fly out, F3 (Line Drive, 34, EV 75.0 MPH)
|
|
Batting: RHB Lião Weishampt
|
0-0: Foul Ball, location: 2F 0-1: Called Strike 0-2: Ball 1-2: 2-RUN HOME RUN (Flyball, 7LD, EV 96.9 MPH), Distance : 378 ft
|
|
Pitching: RHP Jairo Picano
|
|
|
Batting: LHB Terry Bayer
|
0-0: Ball 1-0: Ball 2-0: Ball 3-0: Base on Balls
|
|
Batting: RHB Marco Morales
|
0-0: Called Strike 0-1: SINGLE (Groundball, 4MD, EV 101.2 MPH) Terry Bayer to second Runner from 2nd tries for 3rd, SAFE, throw by CF made to third
|
|
Batting: RHB Guillermo Puente
|
0-0: Called Strike 0-1: Fly out, F9 (Flyball, 9, EV 86.2 MPH)
|
| Top of the 5th over - 2 runs, 2 hits, 0 errors, 2 left on base; Stanford University 6 - University of Arizona 1 |
| BOTTOM OF THE 5TH |
|
University of Arizona Wildcats batting - Pitching for Stanford University Cardinal : RHP Eddie Georges
|
|
Batting: RHB Scott Anderson
|
0-0: Foul Ball, location: 2F 0-1: Ball 1-1: DOUBLE (Line Drive, 89D, EV 104.4 MPH)
|
|
Batting: LHB Pascal Noël
|
0-0: Ball 1-0: Ground out 5-3 (Groundball, 56, EV 91.9 MPH)
|
|
Batting: LHB Andrew Davis
|
0-0: Called Strike 0-1: Ball 1-1: Ball 2-1: Foul Ball, location: 2F 2-2: Strikes out swinging, 2-3 out at first.
|
|
Batting: RHB Eddy Amaya
|
0-0: Ball 1-0: Foul Ball, location: 2F 1-1: Ball 2-1: Ball 3-1: Foul Ball, location: 2F 3-2: Foul Ball, location: 2F 3-2: Base on Balls
|
|
Batting: SHB George Grace
|
0-0: Swinging Strike 0-1: Ball 1-1: Ball 2-1: Ball 3-1: Base on Balls Scott Anderson to third Eddy Amaya to second
|
|
Batting: RHB Josh Carpenter
|
0-0: Ball 1-0: Called Strike 1-1: Ball 2-1: SINGLE (Groundball, 6MS, EV 86.2 MPH) (infield hit) Scott Anderson scores Eddy Amaya to third George Grace to second
|
|
Batting: RHB Alejandro de Jesus
|
0-0: Ball 1-0: Called Strike 1-1: Called Strike 1-2: Foul Ball, location: 2F 1-2: Fly out, F7 (Flyball, 78S, EV 96.9 MPH)
|
| Bottom of the 5th over - 1 run, 2 hits, 0 errors, 3 left on base; Stanford University 6 - University of Arizona 2 |
| TOP OF THE 6TH |
|
Stanford University Cardinal batting - Pitching for University of Arizona Wildcats : RHP Jairo Picano
|
|
Batting: RHB Gong-sun Law
|
0-0: Called Strike 0-1: Ball 1-1: Ball 2-1: Foul Ball, location: 2F 2-2: Fly out, F7 (Flyball, 78M, EV 93.8 MPH)
|
|
Batting: RHB Troy Bush
|
0-0: Ball 1-0: Called Strike 1-1: Foul Ball, location: 2F 1-2: Foul Ball, location: 2F 1-2: Ball 2-2: Foul Ball, location: 2F 2-2: Foul Ball, location: 2F 2-2: Ball 3-2: Strikes out swinging
|
|
Batting: LHB Chien Sam
|
0-0: Ball 1-0: Called Strike 1-1: Foul Ball, location: 2F 1-2: Foul Ball, location: 2F 1-2: Ball 2-2: Ground out 6-3 (Groundball, 6, EV 104.4 MPH)
|
| Top of the 6th over - 0 runs, 0 hits, 0 errors, 0 left on base; Stanford University 6 - University of Arizona 2 |
| BOTTOM OF THE 6TH |
|
University of Arizona Wildcats batting - Pitching for Stanford University Cardinal : RHP Eddie Georges
|
|
Batting: RHB Ron Dondale
|
0-0: Ball 1-0: Ball 2-0: Ball 3-0: Base on Balls
|
|
Pitching: LHP Joe Alverson
|
|
|
Batting: RHB C.J. Wells
|
0-0: Foul Ball, location: 2F 0-1: Ball 1-1: Called Strike 1-2: Ball 2-2: Fielders Choice at 2nd, 3-6 (Groundball, 3, EV 89.4 MPH)
|
|
Batting: RHB Scott Anderson
|
0-0: Ball 1-0: Ball 2-0: Fly out, F2 (Popup, 23F, EV 92.5 MPH)
|
|
Batting: LHB Pascal Noël
|
0-0: Called Strike Pickoff Throw to First - Out! 1-3
|
| Bottom of the 6th over - 0 runs, 0 hits, 0 errors, 0 left on base; Stanford University 6 - University of Arizona 2 |
| TOP OF THE 7TH |
|
Stanford University Cardinal batting - Pitching for University of Arizona Wildcats : RHP Jairo Picano
|
|
Pitching: LHP Armando Guzman
|
|
|
Batting: RHB Joe Gabriel
|
0-0: Called Strike 0-1: Foul Ball, location: 2F 0-2: Ball 1-2: Foul Ball, location: 2F 1-2: Strikes out swinging
|
|
Batting: RHB Jose Garduno
|
0-0: Ball 1-0: SOLO HOME RUN (Flyball, 7LD, EV 95.0 MPH), Distance : 341 ft
|
|
Batting: RHB Lião Weishampt
|
0-0: Called Strike 0-1: Ball 1-1: Ball 2-1: Ground out 5-3 (Groundball, 56, EV 81.9 MPH)
|
|
Batting: LHB Terry Bayer
|
0-0: Ball 1-0: Ball 2-0: Called Strike 2-1: Foul Ball, location: 2F 2-2: Foul Ball, location: 2F 2-2: Ball 3-2: TRIPLE (Flyball, 89XD, EV 104.4 MPH)
|
|
Batting: RHB Marco Morales
|
0-0: Ball 1-0: Called Strike 1-1: Ball 2-1: Called Strike 2-2: Ball 3-2: Foul Ball, location: 2F 3-2: SINGLE (Groundball, 56D, EV 108.1 MPH) Terry Bayer scores
|
|
Batting: RHB Guillermo Puente
|
0-0: Swinging Strike 0-1: Ball 1-1: Foul Ball, location: 2F 1-2: Ball 2-2: Foul Ball, location: 2F 2-2: Ball 3-2: Foul Ball, location: 2F 3-2: SINGLE (Groundball, 6D, EV 100.6 MPH) Marco Morales to second Marco Morales to third
|
|
Batting: RHB Gong-sun Law
|
0-0: Ball Wild Pitch! Marco Morales scores Guillermo Puente to second 1-0: Called Strike 1-1: Swinging Strike 1-2: Ball 2-2: Strikes out looking
|
| Top of the 7th over - 3 runs, 4 hits, 0 errors, 1 left on base; Stanford University 9 - University of Arizona 2 |
| BOTTOM OF THE 7TH |
|
University of Arizona Wildcats batting - Pitching for Stanford University Cardinal : LHP Joe Alverson
|
|
Batting: LHB Pascal Noël
|
0-0: Ball 1-0: Swinging Strike 1-1: Foul Ball, location: 2F 1-2: Foul Ball, location: 2F 1-2: Strikes out looking
|
|
Pinch Hitting: RHB Alex Ruschin
|
0-0: Ground out 5-3 (Groundball, 56S, EV 93.8 MPH)
|
|
Batting: RHB Eddy Amaya
|
0-0: Foul Ball, location: 2F 0-1: Called Strike 0-2: Foul Ball, location: 2F 0-2: Foul Ball, location: 2F 0-2: Foul Ball, location: 2F 0-2: Ball 1-2: Strikes out swinging
|
| Bottom of the 7th over - 0 runs, 0 hits, 0 errors, 0 left on base; Stanford University 9 - University of Arizona 2 |
| TOP OF THE 8TH |
|
Stanford University Cardinal batting - Pitching for University of Arizona Wildcats : LHP Armando Guzman
|
|
Pitching: RHP Chris Obloy
|
|
|
Now at 2B: Alex Ruschin
|
|
|
Now at SS: Ron Dondale
|
|
|
Batting: RHB Troy Bush
|
0-0: Ball 1-0: Ball 2-0: Foul Ball, location: 2F 2-1: Foul Ball, location: 2F 2-2: DOUBLE (Flyball, 89D, EV 106.9 MPH)
|
|
Batting: LHB Chien Sam
|
0-0: Ball 1-0: Foul Ball, location: 2F 1-1: Foul Ball, location: 2F 1-2: Foul Ball, location: 2F 1-2: Foul Ball, location: 2F 1-2: Ground out 1-3 (Groundball, 13, EV 71.9 MPH) Troy Bush to third
|
|
Batting: RHB Joe Gabriel
|
0-0: Ball 1-0: Foul Ball, location: 2F 1-1: Foul Ball, location: 2F 1-2: Ball 2-2: Ball 3-2: Ground out 6-3 (Groundball, 6, EV 103.8 MPH) Troy Bush scores
|
|
Batting: RHB Jose Garduno
|
0-0: SINGLE (Line Drive, 7S, EV 105.6 MPH)
|
|
Pitching: RHP Fita Muzorewa
|
|
|
Batting: RHB Lião Weishampt
|
0-0: Ball 1-0: Foul Ball, location: 2F 1-1: Foul Ball, location: 2F 1-2: Ground out 5-3 (Groundball, 56S, EV 65.6 MPH)
|
| Top of the 8th over - 1 run, 2 hits, 0 errors, 1 left on base; Stanford University 10 - University of Arizona 2 |
| BOTTOM OF THE 8TH |
|
University of Arizona Wildcats batting - Pitching for Stanford University Cardinal : LHP Joe Alverson
|
|
Batting: SHB George Grace
|
0-0: SINGLE (Groundball, 4MD, EV 106.2 MPH)
|
|
Batting: RHB Josh Carpenter
|
0-0: Grounds into double play, 4-6-3 (Groundball, 4S, EV 80.0 MPH)
|
|
Batting: RHB Alejandro de Jesus
|
0-0: Ball 1-0: Ball 2-0: Ball 3-0: Called Strike 3-1: Foul Ball, location: 2F 3-2: Foul Ball, location: 2F 3-2: Foul Ball, location: 2F 3-2: SINGLE (Groundball, 6D, EV 96.2 MPH)
|
|
Batting: RHB Ron Dondale
|
0-0: Ball 1-0: Ball 2-0: SINGLE (Groundball, 56S, EV 76.2 MPH) (infield hit) Alejandro de Jesus to second
|
|
Batting: RHB C.J. Wells
|
0-0: Ball 1-0: Fly out, F5 (Popup, 5SF, EV 76.9 MPH)
|
| Bottom of the 8th over - 0 runs, 3 hits, 0 errors, 2 left on base; Stanford University 10 - University of Arizona 2 |
| TOP OF THE 9TH |
|
Stanford University Cardinal batting - Pitching for University of Arizona Wildcats : RHP Fita Muzorewa
|
|
Batting: LHB Terry Bayer
|
0-0: Swinging Strike 0-1: Ball 1-1: Fly out, F8 (Flyball, 8LD, EV 80.6 MPH)
|
|
Batting: RHB Marco Morales
|
0-0: Swinging Strike 0-1: Ball 1-1: Foul Ball, location: 2F 1-2: Foul Ball, location: 2F 1-2: Ball 2-2: Strikes out looking
|
|
Pinch Hitting: LHB Bryan Davidson
|
0-0: Called Strike 0-1: SINGLE (Flyball, 34D, EV 93.1 MPH)
|
|
Pinch Hitting: LHB Ryan Rogers
|
0-0: Called Strike 0-1: 2-RUN HOME RUN (Flyball, 7D, EV 97.5 MPH), Distance : 374 ft
|
|
Batting: RHB Troy Bush
|
0-0: Called Strike 0-1: SINGLE (Groundball, 34S, EV 61.9 MPH) (infield hit)
|
|
Batting: LHB Chien Sam
|
0-0: Ball 1-0: Called Strike 1-1: Ball 2-1: Ball 3-1: Called Strike 3-2: Fly out, F9 (Flyball, 89D, EV 86.2 MPH)
|
| Top of the 9th over - 2 runs, 3 hits, 0 errors, 1 left on base; Stanford University 12 - University of Arizona 2 |
| BOTTOM OF THE 9TH |
|
University of Arizona Wildcats batting - Pitching for Stanford University Cardinal : LHP Joe Alverson
|
|
Pitching: RHP Kyle Cannon
|
|
|
Now at SS: Danny Gallegos
|
|
|
Now in LF: Joe Gabriel
|
|
|
Now in CF: Terry Bayer
|
|
|
Now in RF: Bryan Davidson
|
|
|
Batting: RHB Scott Anderson
|
0-0: Ball 1-0: Swinging Strike 1-1: Swinging Strike 1-2: Fly out, F8 (Line Drive, 8RM, EV 98.8 MPH)
|
|
Batting: LHB Pascal Noël
|
0-0: Ball 1-0: Foul Ball, location: 2F 1-1: Ball 2-1: Foul Ball, location: 2F 2-2: Ball 3-2: SINGLE (Groundball, 5S, EV 64.4 MPH) (infield hit)
|
|
Pinch Hitting: RHB Larry Harlow
|
0-0: Ball 1-0: Called Strike 1-1: Ball 2-1: Foul Ball, location: 2F 2-2: Ball 3-2: Fly out, F3 (Popup, 3D, EV 65.0 MPH)
|
|
Batting: RHB Eddy Amaya
|
0-0: Fly out, F8 (Flyball, 8RM, EV 91.9 MPH)
|
| Bottom of the 9th over - 0 runs, 1 hit, 0 errors, 1 left on base; Stanford University 12 - University of Arizona 2 |
|